 Dungeon Crawl Stone Soup version 0.26-a0-474-gfaca0e1de5 (webtiles) character file.

Game seed: 4159870360677050645

59419 DeltaSign the Severer (level 14, -8/214 HPs)
             Began as a Minotaur Berserker on July 31, 2020.
             Was the Champion of Trog.
             Killed from afar by an oklob plant (14 damage)
             ... with a splash of acid
             ... on level 6 of the Lair of Beasts.
             The game lasted 00:41:51 (20375 turns).

DeltaSign the Severer (Minotaur Berserker)         Turns: 20375, Time: 00:41:52

Health: -8/214     AC:  6    Str: 24    XL:     14   Next: 53%
Magic:  22/22      EV: 15    Int:  4    God:    Trog [******]
Gold:   2385       SH:  0    Dex: 17    Spells: 13/13 levels left

rFire    + + .     SeeInvis .   H - +4 executioner's axe
rCold    + . .     Faith    .   (shield currently unavailable)
rNeg     . . .     Spirit   .   y - +0 plate armour "Dibrohe" {MP+9 Dex+4}
rPois    .         Reflect  .   G - +1 hat
rElec    .         Harm     .   e - +1 cloak
rCorr    .                      (no gloves)
MR       +....                  w - +1 pair of boots
Stlth    ..........             J - amulet of regeneration
HPRegen  0.85/turn              F - ring of protection from fire
MPRegen  0.18/turn              q - ring of protection from cold

@: berserking, about to teleport, corroded, very quick
A: retaliatory headbutt, horns 2, fire resistance 1, robust 1
a: Berserk, Trog's Hand, Brothers in Arms, Renounce Religion


You were on level 6 of the Lair of Beasts.
You worshipped Trog.
Trog was exalted by your worship.
You visited 2 branches of the dungeon, and saw 18 of its levels.
You also visited: Ice Cave.

You collected 2385 gold pieces.

Inventory:

Hand Weapons
 H - a +4 executioner's axe (weapon)
Armour
 e - a +1 cloak (worn)
 j - the +3 hat of Pondering {ponderous, MR+ MP+10 Int+5}
   (You took it off Gastronok on level 8 of the Dungeon)

   It affects your intelligence (+5).
   It affects your resistance to hostile enchantments.
   It affects your magic capacity (+10).
 w - a +1 pair of boots (worn)
 y - the +0 plate armour "Dibrohe" (worn) {MP+9 Dex+4}
   (You found it on level 5 of the Dungeon)

   It affects your dexterity (+4).
   It affects your magic capacity (+9).
 G - a +1 hat (worn)
 N - a +0 hat
Jewellery
 p - an uncursed ring of wizardry {unknown}
 q - a ring of protection from cold (right hand)
 v - an uncursed ring of see invisible
 F - a ring of protection from fire (left hand)
 J - an amulet of regeneration (around neck)
 K - an uncursed ring of ice
Wands
 a - a wand of clouds (2)
 t - a wand of iceblast (73)
 u - a wand of acid (7)
 B - a wand of paralysis (5)
 C - a wand of digging (15)
Scrolls
 c - 15 scrolls of remove curse
 d - a scroll of immolation
 h - 2 scrolls of magic mapping
 l - 8 scrolls of enchant armour
 m - 4 scrolls of fog
 r - 6 scrolls of teleportation
 A - 4 scrolls of fear
 E - a scroll of vulnerability
 I - a scroll of torment
 O - a scroll of acquirement
 P - a scroll of silence {unknown}
Potions
 b - 5 potions of flight
 f - 4 potions of haste
 g - 3 potions of magic
 i - 13 potions of curing
 k - 5 potions of cancellation
 n - 2 potions of degeneration {unknown}
 o - 2 potions of heal wounds {unknown}
 s - 4 potions of stabbing
 x - a potion of resistance {unknown}
 z - 3 potions of lignification
 D - 3 potions of ambrosia {unknown}
 L - 2 potions of berserk rage {unknown}
 M - a potion of might {unknown}


   Skills:
 + Level 13.9 Fighting
 * Level 18.5 Axes
 + Level 13.6 Armour
 + Level 12.8 Dodging


You had 13 spell levels left.
You didn't know any spells.
Your spell library was empty.

Dungeon Overview and Level Annotations

Branches:
Dungeon (12/15)            Temple (0/1) D:4            Lair (6/6) D:11
  Swamp (0/4) Lair:4        Snake (0/4) Lair:4        Slime (0/5) Lair:6
    Orc (0/2) D:9           IceCv (visited)

Altars:
Ashenzari
Cheibriados
Dithmenos
Elyvilon
Gozag
Makhleb
Nemelex Xobeh
Sif Muna
Trog
Vehumet
Wu Jian
Yredelemnul
Zin

Shops:
D:10 =

Portals:
Trove: D:12 (give +6 demon whip)

Annotations:
D:8 1 runed translucent door
Lair:6 exclusion: 4 oklob plants


Innate Abilities, Weirdness & Mutations

You reflexively headbutt those who attack you in melee.
You have a pair of horns on your head.
Your flesh is heat resistant. (rF+)
You are robust. (+10% HP)


Message History

* * * LOW HITPOINT WARNING * * *
The seven-headed hydra completely misses you.
The seven-headed hydra bites you.
* * * LOW HITPOINT WARNING * * *
The seven-headed hydra closely misses you.
The seven-headed hydra bites you!
* * * LOW HITPOINT WARNING * * *
The seven-headed hydra bites you but does no damage.
The seven-headed hydra barely misses you.
The seven-headed hydra closely misses you.
The catoblepas closely misses you. You furiously retaliate!
You headbutt the catoblepas, but do no damage.
You hack one of the seven-headed hydra's heads off!
The six-headed hydra grows two more!
You slash the eight-headed hydra!
The eight-headed hydra is lightly wounded.
You slash the oklob plant!
You hit the catoblepas but do no damage.
The oklob plant spits acid at you. The splash of acid hits you!
You die...

#.........P............#.#...
#..........l.................
#.........#..................
##..P#..#..#..........P..#..#.
#...Y###.##.$F.......######.#P
###....##..^........# ###.
##...§.............# ##
#..........#D...P## #
#.......†..#@P$..# #
#####...##.#.Y.P.# #
#.######.$?$.# # ### #....$# #
#.P.$P# # #######


You could see a catoblepas, an eight-headed hydra, 4 oklob plants, a komodo
dragon and a cane toad.

Vanquished Creatures
  Gastronok (D:8)
  The ghost of Veravecs the Grappler, a journeyman VSWn of Ashenzari (Lair:5)
  Fannar (Lair:3)
  Harold (D:7)
  4 hydras
  A catoblepas (Lair:6)
  Erica (D:8)
  2 two-headed ogres (D:12)
  A tengu warrior (D:9)
  A death yak (Lair:6)
  Urug (D:11)
  5 skeletal warriors (D:11)
  A sea snake (shapeshifter) (D:9)
  2 ugly things (D:12)
  4 cyclopes
  6 elephants
  Joseph (D:7)
  A guardian serpent (D:12)
  3 black mambas (Lair:5)
  An ice statue (IceCv)
  14 cane toads
  A gargoyle (D:12)
  Psyche (D:8)
  10 freezing wraiths (IceCv)
  A tengu conjurer (D:11)
  5 komodo dragons
  4 rime drakes
  3 polar bears
  Grinder (D:5)
  2 trolls (D:12)
  2 hornets
  3 bog bodies (Lair:4)
  2 slime creatures (Lair:6)
  15 hippogriffs
  10 blink frogs (Lair:4)
  4 dream sheep (Lair:6)
  Sigmund (D:5)
  Eustachio (D:4)
  A wyvern (Lair:6)
  57 yaks
  3 wraiths
  2 basilisks (Lair:6)
  3 vampire mosquitoes (D:12)
  Grum (D:9)
  Menkaure (D:5)
  A naga (Lair:4)
  2 swamp worms (Lair:4)
  Edmund (D:5)
  7 water moccasins
  7 porcupines
  4 orc warriors
  3 sky beasts
  2 black bears
  An alligator simulacrum (IceCv)
  A phantom (D:4)
  6 ice beasts (IceCv)
  A necrophage (D:6)
  3 ogres
  16 centaurs
  9 crocodiles
  14 wolves
  Blork the orc (D:5)
  A big kobold (D:10)
  19 bullfrogs
  A wyvern skeleton (D:11)
  A scorpion (D:10)
  An elephant simulacrum (IceCv)
  3 killer bees (D:9)
  A howler monkey (D:4)
  A swamp dragon simulacrum (IceCv)
  4 electric eels
  A quasit (D:10)
  6 draconian simulacra (IceCv)
  4 hounds
  3 bullfrog zombies
  7 orc priests
  4 jellies
  4 bullfrog skeletons
  3 centaur skeletons
  An iguana (D:11)
  10 worker ants
  15 orc wizards
  5 troll simulacra (IceCv)
  A wolf simulacrum (IceCv)
  4 centaur simulacra (IceCv)
  3 worker ant zombies
  8 gnolls
  3 ogre simulacra (IceCv)
  13 adders
  2 naga simulacra (IceCv)
  3 river rats (D:5)
  A shadow imp (D:4)
  14 white imps
  An ooze (D:3)
  2 adder skeletons
  6 worms
  2 dart slugs
  6 leopard geckos
  44 orcs
  3 ball pythons
  12 bats
  5 giant cockroaches
  12 goblins
  5 hobgoblins
  6 jackals
  10 quokkas
  5 frilled lizards
  A jackal skeleton (D:4)
  A jackal zombie (D:9)
  8 kobolds
  A quokka zombie (D:6)
  11 rats
  4 fungi
  3 plants
561 creatures vanquished.

Vanquished Creatures (others)
  A necromancer (IceCv)
  A fungus (D:11)
  8 plants
10 creatures vanquished.

Grand Total: 571 creatures vanquished

Notes
Turn   | Place    | Note
-------+----------+-------------------------------------------
     0 | D:1      | DeltaSign the Minotaur Berserker began the quest for the
                  | Orb.
     0 | D:1      | Reached XP level 1. HP: 19/19 MP: 0/0
   205 | D:1      | Reached XP level 2. HP: 23/27 MP: 1/1
   261 | D:1      | Reached skill level 4 in Axes
   819 | D:1      | Reached XP level 3. HP: 33/33 MP: 2/2
   867 | D:1      | Reached ** piety under Trog
  1992 | D:3      | Reached XP level 4. HP: 40/40 MP: 3/3
  2072 | D:3      | Noticed an ogre
  2078 | D:3      | Killed an ogre
  2078 | D:3      | Reached skill level 5 in Axes
  2078 | D:3      | Reached XP level 5. HP: 31/47 MP: 4/4
  2385 | D:3      | Found an ornate altar of the Wu Jian Council.
  2561 | D:3      | Found a sparkling altar of Nemelex Xobeh.
  2731 | D:3      | Found a glowing silver altar of Zin.
  2851 | D:4      | Reached *** piety under Trog
  2851 | D:4      | Reached XP level 6. HP: 54/55 MP: 5/5
  2858 | D:4      | Found a bloodstained altar of Trog.
  2946 | D:4      | Reached skill level 6 in Axes
  2952 | D:4      | Found a staircase to the Ecumenical Temple.
  2987 | D:4      | Found a white marble altar of Elyvilon.
  3043 | D:4      | Reached skill level 5 in Fighting
  3106 | D:4      | Found a shadowy altar of Dithmenos.
  3279 | D:4      | Found a burning altar of Makhleb.
  3359 | D:4      | Noticed Eustachio
  3369 | D:4      | Killed Eustachio
  3369 | D:4      | Reached XP level 7. HP: 61/61 MP: 6/6
  3439 | D:4      | Reached skill level 7 in Axes
  3570 | D:5      | Entered Level 5 of the Dungeon
  3570 | D:5      | Noticed Edmund
  3573 | D:5      | Noticed Blork the orc
  3581 | D:5      | Reached skill level 5 in Armour
  3589 | D:5      | Killed Edmund
  3599 | D:5      | Killed Blork the orc
  3879 | D:5      | Reached skill level 5 in Dodging
  3941 | D:5      | Found a shimmering blue altar of Sif Muna.
  3944 | D:5      | Found a shattered altar of Ashenzari.
  3946 | D:5      | Found an opulent altar of Gozag.
  3953 | D:5      | Reached skill level 8 in Axes
  3953 | D:5      | Reached XP level 8. HP: 68/70 MP: 7/7
  3983 | D:5      | Noticed Menkaure
  3997 | D:5      | Killed Menkaure
  4230 | D:5      | Noticed Grinder
  4234 | D:5      | Paralysed by Grinder for 7 turns
  4266 | D:5      | Paralysed by Grinder for 4 turns
  4276 | D:5      | Killed Grinder
  4769 | D:5      | Noticed Sigmund
  4776 | D:5      | Killed Sigmund
  4776 | D:5      | Reached skill level 9 in Axes
  5337 | D:5      | Got a crude plate armour
  5348 | D:5      | Identified the cursed +0 plate armour "Dibrohe" {MP+9
                  | Dex+4} (You found it on level 5 of the Dungeon)
  5489 | D:6      | Reached **** piety under Trog
  5682 | D:6      | Reached XP level 9. HP: 66/79 MP: 8/8
  5949 | D:6      | Gained mutation: You can translocate small distances at
                  | will. [potion of mutation]
  5949 | D:6      | Gained mutation: You have very sharp teeth. [potion of
                  | mutation]
  5949 | D:6      | Gained mutation: You possess an exceptional clarity of
                  | mind. [potion of mutation]
  5950 | D:6      | Lost mutation: You have very sharp teeth. [potion of
                  | mutation]
  5950 | D:6      | Lost mutation: You possess an exceptional clarity of mind.
                  | [potion of mutation]
  5950 | D:6      | Lost mutation: You can translocate small distances at will.
                  | [potion of mutation]
  5950 | D:6      | Gained mutation: You are frail. (-10% HP) [potion of
                  | mutation]
  5950 | D:6      | Gained mutation: You have sharp toenails. [potion of
                  | mutation]
  5951 | D:6      | Lost mutation: You are frail. (-10% HP) [potion of
                  | mutation]
  5951 | D:6      | Lost mutation: You have sharp toenails. [potion of
                  | mutation]
  5951 | D:6      | Gained mutation: Your flesh is heat resistant. (rF+)
                  | [potion of mutation]
  5951 | D:6      | Gained mutation: You occasionally shout uncontrollably at
                  | your foes. [potion of mutation]
  5951 | D:6      | Lost mutation: You occasionally shout uncontrollably at
                  | your foes. [potion of mutation]
  5951 | D:6      | Gained mutation: You are robust. (+10% HP) [potion of
                  | mutation]
  6400 | D:7      | Noticed Joseph
  6415 | D:7      | Killed Joseph
  6415 | D:7      | Reached skill level 10 in Axes
  6565 | D:7      | Found the +5 scythe "Finisher" {speed, eviscerate}
  6697 | D:7      | Noticed Harold
  6714 | D:7      | Killed Harold
  6714 | D:7      | Reached skill level 11 in Axes
  7528 | D:8      | Noticed Gastronok
  7540 | D:8      | Killed Gastronok
  7540 | D:8      | Reached skill level 12 in Axes
  7540 | D:8      | Reached XP level 10. HP: 99/99 MP: 9/9
  7612 | D:8      | Noticed Psyche
  7615 | D:8      | Killed Psyche
  7833 | D:8      | Found a white marble altar of Elyvilon.
  7834 | D:8      | Found a runed translucent door.
  7834 | D:8      | Noticed an angel
  8031 | D:8      | Found a snail-covered altar of Cheibriados.
  8142 | D:8      | Found a radiant altar of Vehumet.
  8233 | D:8      | Noticed Erica
  8246 | D:8      | Killed Erica
  8464 | D:9      | Found a white marble altar of Elyvilon.
  8490 | D:9      | Reached ***** piety under Trog
  8494 | D:9      | Noticed Grum
  8500 | D:9      | Killed Grum
  8740 | D:9      | Reached XP level 11. HP: 107/107 MP: 10/10
  8745 | D:9      | Reached skill level 13 in Axes
  8908 | D:9      | Found a basalt altar of Yredelemnul.
  8914 | D:9      | Found a transporter.
  8921 | D:9      | Noticed a tengu warrior
  8924 | D:9      | Found a transporter.
  9043 | D:9      | Found a staircase to the Orcish Mines.
  9054 | D:9      | Reached skill level 10 in Fighting
  9349 | D:9      | Noticed a sea snake
  9349 | D:9      | a swamp worm changed into a sea snake
  9358 | D:9      | Killed a tengu warrior
  9358 | D:9      | Killed a sea snake
  9358 | D:9      | Received a gift from Trog
  9540 | D:10     | Entered Level 10 of the Dungeon
  9898 | D:10     | Found Mures's Jewellery Shoppe.
 10254 | D:11     | Reached skill level 10 in Armour
 10312 | D:11     | Noticed Urug
 10325 | D:11     | Killed Urug
 10469 | D:11     | Reached skill level 14 in Axes
 10936 | D:11     | Noticed a skeletal warrior
 10937 | D:11     | Noticed a skeletal warrior
 10938 | D:11     | Noticed a skeletal warrior
 10938 | D:11     | Noticed a skeletal warrior
 10943 | D:11     | Killed a skeletal warrior
 10949 | D:11     | Killed a skeletal warrior
 10950 | D:11     | Killed a skeletal warrior
 10950 | D:11     | Noticed a skeletal warrior
 10955 | D:11     | Killed a skeletal warrior
 10957 | D:11     | HP: 4/166 [skeletal warrior/+0 halberd[a skeletal warrior]
                  | (23)]
 10962 | D:11     | Killed a skeletal warrior
 10962 | D:11     | Reached skill level 10 in Dodging
 10962 | D:11     | Reached XP level 12. HP: 4/120 MP: 11/11
 11934 | D:11     | Found a staircase to the Lair.
 12359 | D:12     | Found a portal to a secret trove of treasure.
 12644 | D:12     | Reached skill level 15 in Axes
 13021 | D:12     | Noticed a two-headed ogre
 13028 | D:12     | Killed a two-headed ogre
 13832 | D:12     | Noticed a two-headed ogre
 13839 | D:12     | Killed a two-headed ogre
 14158 | D:12     | Noticed a seven-headed hydra
 14168 | D:12     | Killed a ten-headed hydra
 14537 | Lair:1   | Entered Level 1 of the Lair of Beasts
 14621 | Lair:1   | Reached skill level 16 in Axes
 14691 | Lair:1   | Reached XP level 13. HP: 69/128 MP: 12/12
 16097 | Lair:2   | Identified a scroll of acquirement
 16099 | Lair:2   | Acquired 750 gold pieces
 16426 | Lair:3   | Received a gift from Trog
 16526 | Lair:3   | Noticed Fannar
 16537 | Lair:3   | Killed Fannar
 16940 | Lair:4   | Reached skill level 17 in Axes
 16968 | Lair:4   | Found a frozen archway.
 16982 | IceCv    | Entered an ice cave
 17092 | IceCv    | Reached ****** piety under Trog
 17346 | IceCv    | Found an ancient bone altar of Kikubaaqudgha.
 17501 | IceCv    | Received a gift from Trog
 17950 | Lair:4   | Found a staircase to the Snake Pit.
 18055 | Lair:4   | Found a staircase to the Swamp.
 18276 | Lair:4   | Reached XP level 14. HP: 135/140 MP: 13/13
 18902 | Lair:5   | Found the +7 lajatang of Order {silver, rMut}
 19088 | Lair:5   | Reached skill level 18 in Axes
 19276 | Lair:5   | Found a runed translucent door.
 19276 | Lair:5   | Noticed Veravecs's ghost (journeyman VSWn)
 19685 | Lair:5   | Killed Veravecs's ghost
 19745 | Lair:6   | Entered Level 6 of the Lair of Beasts
 20136 | Lair:6   | Found a staircase to the Slime Pits.
 20180 | Lair:6   | Received a gift from Trog
 20374 | Lair:6   | HP: 6/214 [seven-headed hydra (13)]
 20375 | Lair:6   | Killed from afar by an oklob plant

Illustrated notes

Levels and vault maps discovered:
D:1:      wander_arrival_chamber, layout_loops_corners, minmay_tetromino_t2
D:2:      layout_basic, serial_glass, glass_columns_b, glass_columns_a
D:3:      layout_basic, nicolae_overflow_crystal_walls, zin_treasury,
          nemelex_dance_club_becter
D:4:      black_bear_nest_2, layout_rooms, marbit_many_paths,
          grunt_dithmenos_shadows, lemuel_round_altar,
          nicolae_overflow_hidden_temple, uniq_eustachio
D:5:      wad_woods_settlement, layout_basic, grunt_temple_overflow_open,
          uniq_blork_the_orc, uniq_menkaure, uniq_sigmund, uniq_edmund,
          uniq_grinder
D:6:      layout_rooms
D:7:      layout_loops_corners, minmay_guarded_unrand_finisher, uniq_joseph,
          uniq_harold
D:8:      layout_gridville, slow_altar_1, kennysheep_mini, lemuel_angel_altar,
          uniq_erica, uniq_gastronok, uniq_psyche
D:9:      layout_cross, gammafunk_temple_overflow_arena, erik_orc_3,
          basic_altar, uniq_grum
D:10:     layout_roguey, serial_shops, shop
D:11:     layout_stronghold, minmay_lair_entry_grove, uniq_urug
D:12:     layout_grid_maze, enter_trove_0, fake_guardian_serpent_vault
Lair:1:   layout_misc_corridors, serial_bayou_shore_a
Lair:2:   layout_loops_ring
Lair:3:   layout_roguey, uniq_fannar
Lair:4:   layout_cave_pods, nicolae_swamp_entry_splash_gauntlet,
          guppyfry_snake_entry_garden, portal_ice_cave_rime
Lair:5:   layout_gridlike, ebering_ghost_reflecting_pool
Lair:6:   evilmike_catoblepas_cave, layout_gridlike, minmay_slime_entry_pillars,
          minivault_23, grunt_megastairs_3, minmay_lair_oklob_chamber,
          infiniplex_staircase_pool_2

Skill      XL: |  1  2  3  4  5  6  7  8  9 10 11 12 13 14 |
---------------+-------------------------------------------+-----
Axes           | 4 5 6 8 9 12 14 16 17 18 | 18.5
Fighting       | 4 5 6 7 9 11 12 13 | 13.9
Armour         | 3 4 5 6 8 9 10 11 13 | 13.6
Dodging        | 3 4 5 6 7 8 10 11 12 | 12.8

Action                   |  1- 3 |  4- 6 |  7- 9 | 10-12 | 13-15 || total
-------------------------+-------+-------+-------+-------+-------++-------
Melee: Hand axe          |    88 |   110 |   121 |       |       ||   319
       Headbutt          |    11 |    23 |    55 |   117 |   102 ||   308
       Battleaxe         |       |       |   119 |   130 |       ||   249
       Executioner's axe |       |       |       |   309 |   418 ||   727
Invok: Berserk           |       |     3 |     5 |    10 |     6 ||    24
Evoke: Wand              |       |       |       |       |     5 ||     5
  Use: Scroll            |       |     2 |     9 |     9 |     9 ||    29
       Potion            |       |       |     3 |       |     1 ||     4
 Stab: Distracted        |       |       |       |     1 |       ||     1
       Petrifying        |       |       |       |       |     2 ||     2
Armor: Animal skin       |     6 |       |       |       |       ||     6
       Ring mail         |    33 |    38 |    17 |       |       ||    88
       Scale mail        |       |       |    23 |       |       ||    23
       Plate armour      |       |       |    70 |   332 |   373 ||   775
Dodge: Dodged            |    55 |    57 |   123 |   375 |   387 ||   997

Table legend: (Time is in decaauts)
 A = Elapsed time spent in this place.
 B = Non-inter-level travel time spent in this place.
 C = Inter-level travel time spent in this place.
 D = Time resting spent in this place.
 E = Time spent auto-exploring this place.
 F = Levels seen in this place.
 G = Mean time per level.
                   A        B        C        D        E       F      G
               +--------+--------+--------+--------+--------+-----+--------+
         Total |  20826 |  20214 |    612 |   4278 |  12941 |  19 | 1096.1 |
       Dungeon |  14836 |  14431 |    405 |   3376 |   9171 |  12 | 1236.3 |
          Lair |   5206 |   4999 |    207 |    641 |   3527 |   6 |  867.7 |
      Ice Cave |    783 |    783 |      0 |    260 |    243 |   1 |  783.0 |
               +--------+--------+--------+--------+--------+-----+--------+

Top non-repeatable levels by time:
    D:11: 2236 daAuts
    D:12: 2213 daAuts
     D:5: 1665 daAuts
     D:7: 1411 daAuts
     D:9: 1146 daAuts
  Lair:4: 1142 daAuts
     D:1: 1134 daAuts
  Lair:5: 978 daAuts
     D:8: 971 daAuts
     D:4: 949 daAuts
  Lair:1: 933 daAuts
     D:3: 885 daAuts
     D:2: 855 daAuts
  Lair:3: 829 daAuts
   IceCv: 783 daAuts
